AoeStats
← 安息吧包子

Nomad

510119651Analyzed
4v4 RM · 3d ago on Sep 29, 2026· 57m 22s· 8 players
Game mode
Random Map
Map size
231×231
Population
200
Speed
Normal
Resources
Standard
Victory
Conquest
Starting age
Dark Age
Ending age
Imperial Age
RankedLock teamsTeams togetherTeam positionsShared explorationLock speedFull tech treeHidden civsTurbo modeCheats
Victory
Defeat
🇵🇾 Goths · Paraguay
1231
+16
🇪🇸 Franks · Spain
1179
+18
🇲🇽 Aztecs · Mexico
1177
+18
🇨🇳 Vietnamese · China
1166
+18
🇹🇼 Spanish · Taiwan
1281
-21
🇹🇼 Koreans · Taiwan
1265
-19
🇹🇼 Persians · Taiwan
1233
-18
🇹🇼 Muisca · Taiwan
1098
-12
Sr_Pika_mx
15:53 Feudal Age
19:56 Castle Age
18:41 Double-Bit Axe
20:46 Bow Saw
22:54 Loom
26:52 Horse Collar
30:48 Wheelbarrow
31:32 Forging
32:23 Hand Cart
33:56 Town Watch
34:46 Fortified Wall
36:31 Iron Casting
35:56 Scale Mail Armor
39:08 Imperial Age
37:39 Arson
37:55 Squires
37:41 Gambesons
38:25 Fletching
38:37 Gold Mining
40:32 Conscription
40:32 Chain Mail Armor
43:14 Gold Shaft Mining
44:54 Town Patrol
45:10 Elite Jaguar Warrior
49:06 Garland Wars
54:39 Heavy Plow
54:36 Heated Shot
54:26 Treadmill Crane
55:06 Ballistics
55:37 Sappers
56:09 Atlatl
56:39 Siege Engineers
56:30 Murder Holes
阿酷丶
6:01 Loom
17:28 Feudal Age
18:04 Fishing Lines
18:31 Double-Bit Axe
19:22 Wheelbarrow
22:46 Scale Mail Armor
22:56 Forging
27:01 Castle Age
28:13 Bow Saw
28:05 Squires
28:24 Chain Mail Armor
28:44 Iron Casting
28:30 Horse Collar
29:06 Hand Cart
28:43 Gillnets
30:33 Stone Mining
30:33 Gold Mining
31:36 Elite Skirmisher
33:19 Stone Shaft Mining
32:46 Heavy Plow
33:10 Fletching
33:20 Padded Archer Armor
37:36 Thumb Ring
38:00 Bodkin Arrow
38:21 Leather Archer Armor
41:42 Imperial Age
43:08 Bracer
42:58 Imperial Skirmisher
45:36 Paper Money
44:43 Pikeman
46:34 Ring Archer Armor
45:52 Arson
48:32 Two-Man Saw
48:03 Crop Rotation
51:37 Plate Mail Armor
50:32 Halberdier
50:33 Elite Fire Lancer
53:24 Scale Barding Armor
56:53 Chain Barding Armor
diegosgdm
8:33 Loom
14:21 Feudal Age
18:13 Castle Age
16:16 Double-Bit Axe
21:11 Fletching
22:37 Wheelbarrow
22:56 Fishing Lines
26:20 Forging
27:32 Hand Cart
29:07 Husbandry
31:42 Pikeman
38:54 Scale Barding Armor
41:33 Imperial Age
40:08 Iron Casting
43:13 Chain Barding Armor
43:55 Blast Furnace
43:04 Cavalier
46:23 Ballistics
48:44 Plate Barding Armor
49:10 Gold Mining
50:07 Conscription
52:44 Paladin
WolffJesu
3:12 Loom
13:56 Feudal Age
18:32 Castle Age
17:11 Double-Bit Axe
32:19 Fishing Lines
38:24 Gold Mining
39:08 Scale Mail Armor
38:33 Pikeman
39:13 Squires
40:35 Wheelbarrow
40:03 Gillnets
41:58 Fletching
43:37 Chain Mail Armor
44:29 Forging
45:15 Bodkin Arrow
49:41 Imperial Age
47:48 Bow Saw
48:12 Horse Collar
49:54 Iron Casting
50:52 Conscription
52:57 Blast Furnace
51:58 Bracer
52:15 Anarchy
53:51 Halberdier
55:27 Town Watch
55:43 Heavy Plow
56:44 Stone Mining
57:16 Conscription
58:01 Masonry
57:54 Town Patrol
59:01 Two-Man Saw
橋本真也
5:55 Loom
13:59 Feudal Age
18:11 Castle Age
17:03 Double-Bit Axe
17:01 Horse Collar
19:57 Scale Barding Armor
25:24 Bow Saw
27:04 Scale Mail Armor
27:10 Scale Barding Armor
27:47 Heavy Plow
28:21 Bloodlines
29:04 Wheelbarrow
29:49 Husbandry
29:52 Gold Mining
35:53 Chain Barding Armor
35:44 Forging
38:15 Iron Casting
43:27 Imperial Age
43:15 Cavalier
53:45 Hand Cart
小小財
12:46 Loom
14:53 Feudal Age
18:42 Castle Age
20:55 Fletching
20:58 Double-Bit Axe
28:27 Bodkin Arrow
32:05 Eupseong
34:55 Wheelbarrow
37:49 Imperial Age
37:57 Imperial Age
36:18 Stone Mining
37:47 Stone Shaft Mining
39:30 Arrowslits
42:49 Bracer
44:10 Chemistry
47:42 Ballistics
yi
5:10 Loom
14:47 Feudal Age
18:40 Double-Bit Axe
22:30 Castle Age
22:36 Horse Collar
23:32 Scale Mail Armor
28:44 Chain Mail Armor
30:36 Forging
32:05 Town Watch
32:56 Wheelbarrow
34:01 Iron Casting
36:15 Bow Saw
36:00 Gold Mining
36:01 Stone Mining
41:02 Town Patrol
41:18 Hand Cart
43:03 Redemption
46:46 Imperial Age
48:40 Elite Temple Guard
52:32 Squires
安息吧包子
10:10 Loom
13:37 Feudal Age
18:50 Castle Age
18:29 Double-Bit Axe
21:40 Bow Saw
31:31 Padded Archer Armor
33:01 Wheelbarrow
35:01 Leather Archer Armor
36:11 Horse Collar
40:26 Bloodlines
40:17 Husbandry
41:28 Hand Cart
47:20 Imperial Age
46:57 Stone Mining
46:58 Gold Mining
53:11 Scale Barding Armor
53:17 Forging
53:37 Ring Archer Armor
53:56 Cavalier
55:00 Chain Barding Armor
56:08 Iron Casting
57:12 Two-Man Saw
56:05 Sappers
56:56 Conscription
57:31 Plate Barding Armor
Connection lost

Rejoining the realm…

Still unreachable

The connection could not be restored.

Session expired

The server has moved on; the page needs a fresh start.